 Dungeon Crawl Stone Soup version 0.30.0-19-g36f170ea60 (webtiles) character file.

Game seed: 68319254664588850

74 cheesebisquit the Digger (level 4, 0/36 HPs)
             Began as a Gargoyle Earth Elementalist on June 1, 2023.
             Killed from afar by Natasha (8 damage)
             ... with a magic dart
             ... on level 2 of the Dungeon.
             The game lasted 00:03:35 (1248 turns).

cheesebisquit the Digger (GrEE)                     Turns: 1248, Time: 00:03:36

Health: 0/36       AC:  5    Str: 11    XL:     4   Next: 30%
Magic:  7/8        EV: 11    Int: 18    God:
Gold:   27         SH:  0    Dex: 10    Spells: 5/9 levels left

rFire   . . .        f - +0 club
rCold   . . .        (no shield)
rNeg    + . .        a - +0 robe
rPois   ∞            (no helmet)
rElec   +            (no cloak)
rCorr   .            (no gloves)
SInv    .            (no boots)
Will    .....        (no amulet) Stlth
                     (no ring)
HPRegen 0.26/turn    (no ring)
MPRegen 0.11/turn

%: no passive effects
@: berserking, slowed
A: sickness immunity, AC +3, negative energy resistance 1, electricity
resistance, torment resistance 1, petrification resistance
a: no special abilities


You were on level 2 of the Dungeon.
You visited 1 branch of the dungeon, and saw 2 of its levels.

You collected 27 gold pieces.

Inventory:

Hand Weapons
 f - a +0 club (weapon)
 h - a +0 dagger
Missiles
 o - a throwing net
Armour
 a - a +0 robe (worn)
 d - a +0 ring mail of fire resistance
 n - a +0 chain mail
Jewellery
 j - a ring of ice
Scrolls
 c - a scroll of vulnerability {unknown}
 e - 2 scrolls of noise {unknown}
 p - 2 scrolls of identify {unknown}
Potions
 g - a potion of heal wounds {unknown}
 i - a potion of attraction {unknown}
 k - a potion of cancellation {unknown}
 l - a potion of berserk rage
 m - a potion of curing {unknown}


   Skills:
 - Level 1.5 Dodging
 - Level 2.1 Stealth
 - Level 3.0 Spellcasting
 + Level 0.0 Conjurations
 - Level 0.7 Transmutations
 + Level 5.2 Earth Magic


You had 5 spell levels left.
You knew the following spells:

 Your Spells              Type           Power      Damage    Failure   Level
a - Sandblast             Erth           42%        2d11      1%          1
b - Stone Arrow           Conj/Erth      24%        3d8       17%         3

Your spell library contained the following spells:

 Spells                   Type           Power      Damage    Failure   Level
 Passwall                 Tmut/Erth      10%        N/A       8%          2
 Petrify                  Tmut/Erth      13%        N/A       43%         4


Dungeon Overview and Level Annotations

Branches:
Dungeon (2/15)

Altars:

Annotations:
D:2 Natasha


Innate Abilities, Weirdness & Mutations

You are immune to sickness and miasma.
Your stone body is resilient. (AC +3)
You are immune to poison.
You resist negative energy. (rN+)
You are resistant to electric shocks. (rElec)
You are resistant to unholy torment.
You are immune to petrification.


Message History

Things that are here:
a +0 dagger; a kobold corpse The blast of sand hits Natasha!
Natasha is almost dead.
Natasha hisses angrily.
The blast of sand misses Natasha.
Natasha zaps a wand.
The bolt of light hits you!
You are confused.
You're too confused to cast spells.
You're too confused to cast spells.
You're too confused to cast spells.
Natasha closely misses you.
You barely miss Natasha.
Natasha is almost dead.
Natasha casts a spell at you.
You feel yourself slow down.
Natasha stares at you and mumbles some strange words.
The magic dart hits you.
You closely miss Natasha.
Natasha is almost dead.
You feel less confused. Natasha casts a spell at you.
You resist with some effort.
You hit Natasha but do no damage.
Natasha is almost dead.
Natasha barely misses you.
Natasha mumbles some strange words.
You barely miss Natasha.
Natasha is almost dead.
Natasha zaps a wand.
The bolt of light hits you.
* * * LOW HITPOINT WARNING * * *
The now-empty wand crumbles to dust.
Natasha claws you but does no damage.
The cerulean imp hits you from afar with a +1 spear.
* * * LOW HITPOINT WARNING * * *
It was a potion of berserk rage.
A red film seems to cover your vision as you go berserk!
You feel yourself moving faster!
You feel mighty! Natasha casts a spell at you. The magic dart hits you!
You die...

).#...#. .....'
#....# .# ####....#
##.# .......##...#
...5.#.?..#
#.h.#....##
#@).#......
##+###### ###...# ..
#.......# ##..#
..##.......# #>##
#..+.......# #.#
#.##.......##+####.#
#.##.......#.......#
#............^.....#
#.................##


You could see Natasha and a cerulean imp (summoned).

Vanquished Creatures
  Natasha (twice) (D:2)
  A dart slug (D:1)
  2 bats (D:1)
  5 endoplasms (D:1)
  4 goblins (D:1)
  A quokka (D:1)
  A ball python (D:1)
  2 frilled lizards (D:1)
  2 kobolds
  3 rats (D:1)
23 creatures vanquished.

Notes
Turn   | Place    | Note
-------+----------+-------------------------------------------
     0 | D:1      | cheesebisquit the Gargoyle Earth Elementalist began the
                  | quest for the Orb.
     0 | D:1      | Reached XP level 1. HP: 10/10 MP: 3/3
   128 | D:1      | Found a faded altar of an unknown god.
   232 | D:1      | Reached skill level 4 in Earth Magic
   232 | D:1      | Reached XP level 2. HP: 15/15 MP: 1/5
   983 | D:1      | Reached XP level 3. HP: 19/19 MP: 3/6
  1177 | D:2      | Noticed Natasha
  1185 | D:2      | Killed Natasha
  1194 | D:2      | Noticed Natasha
  1197 | D:2      | Killed Natasha
  1198 | D:2      | Reached skill level 5 in Earth Magic
  1198 | D:2      | Reached XP level 4. HP: 20/24 MP: 6/8
  1202 | D:2      | Learned a level 3 spell: Stone Arrow
  1237 | D:2      | Noticed Natasha
  1248 | D:2      | Killed from afar by Natasha

Illustrated notes

Levels and vault maps discovered:
D:1:      reono_arrival_forest_river, layout_loops_corners,
          shapermc_ecumenical_altar_starsandcircs, hangedman_glass_teeth
D:2:      layout_basic, serial_shops, shop_fountains, uniq_natasha, uniq_sigmund

Skill      XL: |  1  2  3 |
---------------+----------+-----
Earth Magic    | 4 5 |  5.2
Spellcasting   | 3 |  3.0
Dodging        | |  1.5
Stealth        | |  2.1
Transmutations | |  0.7

Action                     |  1- 3 |  4- 6 || total
---------------------------+-------+-------++-------
  Melee: Club              |       |     4 ||     4
   Cast: Sandblast         |    33 |     3 ||    36
    Use: Potion            |     1 |     1 ||     2
 Armour: Robe              |     3 |     1 ||     4
  Dodge: Dodged            |     6 |     2 ||     8
